 Dungeon Crawl Stone Soup version 0.26-a0-834-g69557b85cc (webtiles) character file.

Game seed: 3470854727053955921

5717 marklar909 the Skirmisher (level 10, -3/86 HPs)
             Began as a Grey Draconian Transmuter on Nov 17, 2020.
             Was an Initiate of Gozag.
             Slain by a six-headed hydra (13 damage)
             ... on level 8 of the Dungeon.
             The game lasted 00:25:14 (9949 turns).

marklar909 the Skirmisher (DrTm)                    Turns: 9949, Time: 00:25:14

Health: -3/86      AC: 16    Str: 13    XL:     10   Next: 48%
Magic:  24/24      EV: 15    Int: 15    God:    Gozag
Gold:   986        SH:  5    Dex: 13    Spells: 4/15 levels left

rFire    + . .     SeeInvis .   x - +2 flail (protect)
rCold    . . .     Faith    .   i - +0 buckler
rNeg     . . .     Spirit   .   (armour unavailable)
rPois    .         Reflect  .   (helmet restricted)
rElec    .         Harm     .   y - +0 cloak
rCorr    .         Rampage  .   (no gloves)
MR       .....                  o - +2 pair of boots
Stlth    +.........             (no amulet)
HPRegen  0.24/turn              a - ring of protection from fire
MPRegen  0.19/turn              h - ring of magical power

@: silence
A: walk through water, unfitting armour, unbreathing, cold-blooded, AC +12
a: Renounce Religion


You were on level 8 of the Dungeon.
You worshipped Gozag.
Gozag was pleased with you.
You visited 1 branch of the dungeon, and saw 9 of its levels.

You collected 1101 gold pieces.
You paid 115 gold pieces to Gozag.

Inventory:

Hand Weapons
 x - a +2 flail of protection (weapon)
Missiles
 s - 22 poisoned darts (quivered)
Armour
 i - a +0 buckler (worn)
 o - a +2 pair of boots (worn)
 y - a +0 cloak (worn)
Jewellery
 a - a ring of protection from fire (left hand)
 h - a ring of magical power (right hand)
Wands
 u - a wand of flame (12)
 z - a wand of disintegration (11)
Scrolls
 b - 4 scrolls of remove curse
 f - 3 scrolls of amnesia
 g - 7 scrolls of identify
 j - a scroll of fear {unknown}
 l - 3 scrolls of teleportation
Potions
 c - 2 potions of cancellation
 e - a potion of lignification {unknown}
 p - a potion of heal wounds
 q - 7 potions of curing {unknown}
 r - 3 potions of degeneration {unknown}
 t - a potion of mutation {unknown}
 v - 2 potions of might {unknown}
 w - 2 potions of attraction {unknown}


   Skills:
 * Level 7.4 Fighting
 + Level 6.8 Maces & Flails
 + Level 1.0 Throwing
 * Level 6.3 Dodging
 + Level 2.4 Stealth
 + Level 5.0 Shields
 + Level 4.3 Unarmed Combat
 - Level 3.3 Spellcasting
 + Level 2.7 Translocations
 + Level 6.8 Transmutations
 + Level 0.6 Poison Magic


You had 4 spell levels left.
You knew the following spells:

 Your Spells              Type           Power        Failure   Level
a - Beastly Appendage     Tmut           ###...       1%          1
b - Wereblood             Tmut           ###.....     1%          2
c - Spider Form           Tmut/Pois      ##........   13%         3
d - Mephitic Cloud        Conj/Pois/Air  #.......     47%         3
e - Blink                 Tloc           N/A          10%         2

Your spell library contained the following spells:

 Spells                   Type           Power        Failure   Level
 Corona                   Hex            #......      19%         1
 Magic Dart               Conj           #...         19%         1
 Call Imp                 Summ           #.......     28%         2
 Ensorcelled Hibernation  Hex/Ice        #.....       28%         2
 Slow                     Hex            #.......     28%         2
 Ice Form                 Ice/Tmut       ##......     43%         4
 Confusing Touch          Hex            #.......     50%         3
 Conjure Flame            Conj/Fire      #.......     50%         3
 Dazzling Flash           Conj/Hex       #.....       50%         3
 Tukima's Dance           Hex            #.......     50%         3
 Blade Hands              Tmut           ###.......   32%         5


Dungeon Overview and Level Annotations

Branches:
Dungeon (9/15)             Temple (0/1) D:6
   Lair: D:8-11         Orc: D:9-12

Altars:
Cheibriados
Elyvilon
Gozag
Hepliaklqana
Nemelex Xobeh
Ru
Sif Muna
Uskayaw
Vehumet
Yredelemnul

Portals:
Abyss: D:7

Annotations:
D:7 2 transporters, Demosthentine's ghost, novice FoFi
D:9 2 runed translucent doors


Innate Abilities, Weirdness & Mutations

You can walk through water.
Your dull iron-grey scales are very hard. (AC +12)
You cannot fit into any form of body armour.
You can survive without breathing.
You are cold-blooded and may be slowed by cold attacks.


Message History

You climb upwards.
There is a stone staircase leading down, spattered with blood here.
Things that are here:
a +0 giant club; a +0 dire flail
Okay, then.
Okay, then.
As you read the scroll labelled VEMEPNUUNYU, it crumbles to dust.
A profound silence engulfs you.
It was a scroll of silence.
The orc barely misses you.
The six-headed hydra closely misses you.
The six-headed hydra bites you but does no damage.
The six-headed hydra bites you!
* * * LOW HITPOINT WARNING * * *
The six-headed hydra bites you.
* * * LOW HITPOINT WARNING * * *
The six-headed hydra bites you.
* * * LOW HITPOINT WARNING * * *
The six-headed hydra bites you!
You die...
Your body crumbles into a pile of gold.

# #.# #..##
#8.(.......8#.. # #.#
##..# ##.....⌠.....##. #
#.#
##.#####.....###.....## #
##.######...##.....##
##.....#
####...........#8....8#
#8....8
...........##.###...#####
###...# #############.#
#...# #.# #....
#.###D#####.# #####
#..o@oo.....#
#############


You could see a six-headed hydra, an orc warrior and 2 orcs.

Vanquished Creatures
  Erica (D:8)
  A two-headed ogre (D:8)
  Pikel (D:4)
  Joseph (D:8)
  Sigmund (D:2)
  Duvessa (D:4)
  3 orc warriors (D:8)
  3 sky beasts
  4 phantoms
  3 ogres
  2 centaurs
  3 lemures (D:3)
  A big kobold (D:8)
  5 bullfrogs
  Blork the orc (D:5)
  A gnoll sergeant (D:5)
  Dowan (D:4)
  6 killer bees (D:7)
  2 howler monkeys (D:8)
  A centaur skeleton (D:5)
  4 hounds
  2 jellies
  3 gnoll shamans (D:6)
  3 orc priests
  6 orc wizards
  A bullfrog skeleton (D:7)
  2 iguanas
  5 worker ants
  2 hound skeletons (D:6)
  Robin (D:2)
  19 gnolls
  8 adders
  3 white imps
  2 ufetubi
  An ooze (D:5)
  2 adder skeletons
  3 worms
  A dart slug (D:3)
  5 leopard geckos
  27 orcs
  3 ball pythons
  9 giant cockroaches
  7 hobgoblins
  8 jackals
  7 kobolds
  6 quokkas
  3 bats
  9 frilled lizards
  21 goblins
  A jackal zombie (D:8)
  2 leopard gecko skeletons
  7 rats
225 creatures vanquished.

Notes
Turn   | Place    | Note
-------+----------+-------------------------------------------
     0 | D:1      | marklar909 the Draconian Transmuter began the quest for the
                  | Orb.
     0 | D:1      | Reached XP level 1. HP: 16/16 MP: 3/3
   388 | D:1      | Reached XP level 2. HP: 19/23 MP: 5/5
  1168 | D:2      | Learned a level 2 spell: Wereblood
  1288 | D:2      | Reached XP level 3. HP: 24/28 MP: 6/6
  1293 | D:2      | Noticed Robin
  1296 | D:2      | Killed Robin
  1633 | D:2      | Reached skill level 2 in Fighting
  1704 | D:2      | Found a shimmering blue altar of Sif Muna.
  1896 | D:2      | Found a hide-covered altar of Uskayaw.
  1896 | D:2      | Noticed Sigmund
  1934 | D:3      | Reached skill level 1 in Maces & Flails
  1934 | D:3      | Reached XP level 4. HP: 26/36 MP: 7/7
  2194 | D:3      | Reached skill level 1 in Throwing
  2469 | D:3      | Found a hazy altar of Hepliaklqana.
  3327 | D:4      | Reached XP level 5. HP: 42/42 MP: 8/8
  3535 | D:4      | Reached skill level 1 in Shields
  3576 | D:4      | Noticed a lemure
  3576 | D:4      | Noticed a lemure
  3577 | D:4      | Noticed a lemure
  3579 | D:4      | Noticed a lemure
  3767 | D:3      | Killed a lemure
  4054 | D:2      | Killed Sigmund
  4055 | D:2      | Reached skill level 3 in Fighting
  4055 | D:2      | Reached XP level 6. HP: 39/51 MP: 10/10
  4531 | D:2      | Learned a level 3 spell: Spider Form
  4749 | D:4      | Noticed Pikel
  4789 | D:4      | Killed Pikel
  4790 | D:4      | Reached skill level 4 in Fighting
  4790 | D:4      | Your scales start taking on a dull iron-grey colour.
  4790 | D:4      | Reached XP level 7. HP: 34/59 MP: 12/12
  4790 | D:4      | Gained mutation: You can survive without breathing. [Grey
                  | Draconian growth]
  5052 | D:5      | Entered Level 5 of the Dungeon
  5052 | D:5      | Found a sparkling altar of Nemelex Xobeh.
  5133 | D:5      | Noticed Duvessa
  5134 | D:5      | Noticed Dowan
  5355 | D:5      | Reached XP level 8. HP: 67/67 MP: 13/13
  5378 | D:5      | Learned a level 3 spell: Mephitic Cloud
  5392 | D:5      | Learned a level 2 spell: Blink
  5407 | D:5      | Found a radiant altar of Vehumet.
  5410 | D:5      | Found a sacrificial altar of Ru.
  5430 | D:5      | Noticed Blork the orc
  5650 | D:4      | Killed Duvessa
  5663 | D:4      | Killed Dowan
  5664 | D:4      | Reached skill level 5 in Fighting
  5883 | D:5      | Reached skill level 1 in Translocations
  5996 | D:5      | Reached skill level 1 in Stealth
  6281 | D:5      | Killed Blork the orc
  6337 | D:5      | Found a snail-covered altar of Cheibriados.
  6538 | D:6      | Found an opulent altar of Gozag.
  6587 | D:6      | Became a worshipper of Gozag Ym Sagoz the Greedy
  6698 | D:6      | Found a staircase to the Ecumenical Temple.
  7138 | D:6      | Reached skill level 5 in Transmutations
  7138 | D:6      | Reached XP level 9. HP: 65/75 MP: 14/14
  7672 | D:6      | Found a white marble altar of Elyvilon.
  7728 | D:6      | Found a basalt altar of Yredelemnul.
  7813 | D:7      | Reached skill level 6 in Fighting
  7948 | D:7      | Reached skill level 5 in Maces & Flails
  7957 | D:7      | Reached skill level 5 in Dodging
  7990 | D:7      | Noticed a sixfirhy
  7994 | D:7      | Noticed Demosthentine's ghost (novice FoFi)
  7996 | D:7      | Found a transporter.
  7996 | D:7      | Noticed an ancient zyme
  8110 | D:7      | Found a one-way gate to the infinite horrors of the Abyss.
  8199 | D:7      | Found a transporter.
  8410 | D:8      | Noticed Joseph
  8429 | D:8      | Killed Joseph
  8498 | D:8      | Reached XP level 10. HP: 58/84 MP: 15/15
  8504 | D:8      | Noticed Erica
  8523 | D:8      | Killed Erica
  8524 | D:8      | Reached skill level 7 in Fighting
  8837 | D:8      | Noticed a two-headed ogre
  8847 | D:8      | Killed a two-headed ogre
  8848 | D:8      | Reached skill level 5 in Shields
  9577 | D:9      | Found a large runed translucent door.
  9577 | D:9      | Found a large runed translucent door.
  9921 | D:9      | Noticed a six-headed hydra
  9949 | D:8      | Slain by a six-headed hydra

Illustrated notes

Levels and vault maps discovered:
D:1:      lemuel_arrival_funnel, layout_rooms
D:2:      layout_basic, eat_drink_and_be_merry_uskayaw, lemuel_blue_sif_altar,
          uniq_sigmund, uniq_robin
D:3:      layout_rooms, nicolae_overflow_crystal_walls
D:4:      layout_basic, uniq_pikel
D:5:      layout_cave_pools, chequers_temple_overflow_statue_of_worship,
          cheibriados_altar_1, nemelex_xobeh_ov_fountains_minmay, uniq_duvessa,
          uniq_blork_the_orc
D:6:      layout_rooms, lemuel_coloured_pillars_altar, kennysheep_mini_moat,
          minmay_temple_entry_sparse_star, grunt_decor_resistance,
          nicolae_gozag_seed_capital
D:7:      lemuel_ice_spiral_2, layout_basic, gammafunk_ghost_abyssal_escape
D:8:      layout_rooms, serial_corexii_hall, corexii_hall_statues_deadend,
          chequers_hall_statues_y, uniq_erica, uniq_joseph
D:9:      layout_irregular_city, grunt_temple_overflow_bloody_war, minitemple,
          david_orc_5, gammafunk_ghost_hydra_chop,
          minmay_hollow_rounded_squares, uniq_psyche

Skill      XL: |  1  2  3  4  5  6  7  8  9 10 |
---------------+-------------------------------+-----
Fighting       | 2 3 4 5 6 7 |  7.4
Maces & Flails | 1 2 3 4 5 6 |  6.8
Throwing       | 1 |  1.0
Dodging        | 2 4 5 6 |  6.3
Transmutations | 3 4 5 6 |  6.8
Shields        | 2 3 4 5 |  5.0
Spellcasting   | 3 |  3.3
Unarmed Combat | 4 |  4.3
Translocations | 2 |  2.7
Stealth        | 1 2 |  2.4
Poison Magic   | |  0.6

Action                   |  1- 3 |  4- 6 |  7- 9 | 10-12 || total
-------------------------+-------+-------+-------+-------++-------
Melee: Unarmed           |    11 |    21 |    15 |       ||    47
       Whip              |    81 |   136 |   370 |    24 ||   611
       Tailslap          |     6 |    13 |    39 |     5 ||    63
       Headbutt          |     2 |    11 |    38 |     6 ||    57
       Kick              |     5 |    18 |    31 |    19 ||    73
       Flail             |       |       |       |    73 ||    73
Throw: Dart              |    44 |     1 |     3 |       ||    48
 Cast: Beastly Appendage |    12 |    23 |    21 |     7 ||    63
       Wereblood         |     3 |    18 |    16 |     7 ||    44
       Spider Form       |       |     4 |     2 |       ||     6
       Mephitic Cloud    |       |       |     2 |       ||     2
  Use: Potion            |     2 |       |       |     1 ||     3
       Scroll            |       |       |     8 |     8 ||    16
 Stab: Sleeping          |     1 |       |     1 |       ||     2
       Distracted        |       |       |     1 |     1 ||     2
       Confused          |       |       |     2 |       ||     2
Armor: Skin              |    39 |    56 |   128 |    39 ||   262
Dodge: Dodged            |    63 |   108 |   232 |    81 ||   484
Block: Buckler           |     4 |    27 |    83 |    29 ||   143

Table legend: (Time is in decaauts)
 A = Elapsed time spent in this place.
 B = Non-inter-level travel time spent in this place.
 C = Inter-level travel time spent in this place.
 D = Time resting spent in this place.
 E = Time spent auto-exploring this place.
 F = Levels seen in this place.
 G = Mean time per level.
                   A        B        C        D        E       F      G
               +--------+--------+--------+--------+--------+-----+--------+
         Total |   9942 |   9326 |    616 |   1837 |   5422 |   9 | 1104.7 |
       Dungeon |   9942 |   9326 |    616 |   1837 |   5422 |   9 | 1104.7 |
               +--------+--------+--------+--------+--------+-----+--------+

Top non-repeatable levels by time:
     D:3: 1975 daAuts
     D:2: 1699 daAuts
     D:8: 1434 daAuts
     D:4: 1329 daAuts
     D:6: 1215 daAuts
     D:5: 906 daAuts
     D:1: 665 daAuts
     D:7: 597 daAuts
     D:9: 119 daAuts
